 Dungeon Crawl Stone Soup version 0.25.1-8-g42b30a86e7 (webtiles) character file.

Game seed: 17857626970599297888

65 Azimut41r the Stinger (level 4, 0/30 HPs)
             Began as a Merfolk Venom Mage on Dec 18, 2020.
             Slain by a worm (2 damage)
             ... on level 2 of the Dungeon.
             The game lasted 00:13:37 (1944 turns).

Azimut41r the Stinger (Merfolk Venom Mage)          Turns: 1944, Time: 00:13:38

Health: 0/30       AC:  2    Str:  8    XL:     4   Next: 13%
Magic:  8/8        EV: 13    Int: 15    God:
Gold:   90         SH:  0    Dex: 14    Spells: 5/8 levels left

rFire    . . .     SeeInvis .   (no weapon)
rCold    . . .     Gourm    .   (no shield)
rNeg     . . .     Faith    .   a - +0 robe
rPois    .         Spirit   .   (no helmet)
rElec    .         Reflect  .   (no cloak)
rCorr    .         Harm     .   (no gloves)
MR       .....                  (no boots)
Stlth    ++........             (no amulet)
HPRegen  0.10/turn              (no ring)
MPRegen  0.11/turn              (no ring)

@: lethally poisoned (0 -> -5)
A: change form in water, swift swim, stealthy swim
a: no special abilities


You were on level 2 of the Dungeon.
You were not hungry.

You visited 1 branch of the dungeon, and saw 2 of its levels.

You collected 90 gold pieces.

Inventory:

Missiles
 f - 16 sling bullets
 h - 17 bolts
 k - 7 javelins (quivered)
 n - 14 arrows
Armour
 a - a +0 robe (worn)
 o - a +0 buckler
Jewellery
 i - a cursed amulet of inaccuracy {unknown}
 q - an uncursed ring of protection from fire {unknown}
 r - a cursed amulet of inaccuracy {unknown}
Scrolls
 b - a scroll of fog {unknown}
 e - a scroll of random uselessness {unknown}
 j - 2 scrolls of amnesia {unknown}
 l - 3 scrolls of identify {unknown}
 m - a scroll of immolation {unknown}
 p - a scroll of teleportation {unknown}
Potions
 d - a potion of ambrosia {unknown}
 g - a potion of stabbing {unknown}
 t - a potion of curing {unknown}
Comestibles
 c - 3 rations
 s - 2 chunks of flesh


   Skills:
 + Level 2.9 Dodging
 + Level 2.4 Stealth
 + Level 2.9 Spellcasting
 + Level 2.0 Transmutations
 + Level 4.2 Poison Magic


You had 5 spell levels left.
You knew the following spells:

 Your Spells              Type           Power        Failure   Level  Hunger
a - Sting                 Tmut/Pois      ##..         5%          1    #......
b - Poisonous Vapours     Pois/Air       #.....       13%         2    ##.....

Your spell library contained the following spells:

 Spells                   Type           Power        Failure   Level  Hunger
 Ignite Poison            Fire/Tmut/Pois #.......     26%         3    ###....
 Mephitic Cloud           Conj/Pois/Air  #.......     34%         3    ###....
 Olgreb's Toxic Radiance  Pois           ##......     34%         4    #####..


Dungeon Overview and Level Annotations

Branches:
Dungeon (2/15)

Altars:


Message History

A worm comes into view.
The worm bites you!
An adder comes into view.
Found 7 gold pieces.
The adder hisses angrily.
The worm bites you. The worm bites you. The adder misses you.
The adder bites you.
* * * LOW HITPOINT WARNING * * *
The worm closely misses you. The adder closely misses you. The adder bites you.
* * * LOW HITPOINT WARNING * * *
You are lethally poisoned!
The adder poisons you!
* * * LOW HITPOINT WARNING * * *
You feel sick. The adder misses you. The worm bites you.
* * * LOW HITPOINT WARNING * * *
The adder misses you. x2; The worm bites you.
You die...

≈≈._.≈≈≈≈≈# ### ...
..#.# ≈≈≈♣.≈≈≈..# #..
..## .## # ≈≈≈≈≈≈≈≈..#
#.# ...###
≈≈≈≈≈≈≈≈..###.# #.....
≈≈≈≈≈≈≈≈≈...#.#####..##
.≈≈..≈.≈≈≈..#.........#
..≈≈≈≈...≈..'.........#
#######.....#.#..###..
#.....#.#w@#
#.....#....S......
#.....###...##$##.
#.....+ .....
#.....##..#.##
#####........ #...###.
#...


You could see a worm and an adder.

Vanquished Creatures
  An adder (D:2)
  An ooze (D:1)
  4 dart slugs
  3 leopard geckos (D:1)
  A ball python (D:1)
  4 bats
  3 giant cockroaches (D:2)
  5 hobgoblins (D:1)
  5 kobolds
  4 frilled lizards
  2 goblins (D:1)
  10 rats
43 creatures vanquished.

Notes
Turn   | Place    | Note
-------+----------+-------------------------------------------
     0 | D:1      | Azimut41r the Merfolk Venom Mage began the quest for the
                  | Orb.
     0 | D:1      | Reached XP level 1. HP: 13/13 MP: 3/3
   152 | D:1      | Reached XP level 2. HP: 7/19 MP: 1/5
   643 | D:1      | Reached XP level 3. HP: 20/24 MP: 1/6
   798 | D:1      | Reached skill level 4 in Poison Magic
  1462 | D:2      | Found a faded altar of an unknown god.
  1670 | D:2      | Learned a level 2 spell: Poisonous Vapours
  1677 | D:2      | Reached XP level 4. HP: 30/30 MP: 3/8
  1944 | D:2      | Slain by a worm

Illustrated notes

Levels and vault maps discovered:
D:1:      onia_arrival_handbag, layout_loops_cross, minmay_box_of_dots
D:2:      layout_basic, chequers_ecumenical_altar_island

Skill      XL: |  1  2  3  4 |
---------------+-------------+-----
Poison Magic   | 4 |  4.2
Transmutations | 2 |  2.0
Dodging        | |  2.9
Stealth        | |  2.4
Spellcasting   | |  2.9

Action                   |  1- 3 |  4- 6 || total
-------------------------+-------+-------++-------
 Cast: Sting             |    52 |     9 ||    61
       Poisonous Vapours |     1 |       ||     1
  Eat: Chunk             |     3 |     1 ||     4
Armor: Robe              |     6 |       ||     6
Dodge: Dodged            |    22 |     7 ||    29
